Map: Kairos Junction LE

Players

XOURCE - Winner!

  • Race: Zerg Zerg
  • League: Diamond
  • Spawn Location: 5:00

Costsaver

  • Race: Zerg Zerg
  • League: Diamond
  • Spawn Location: 11:00

VOD

Have the link to the VOD?

Description

Time

  • Played on: April 18, 2019, 1:31 p.m.
  • Length: 10:04
Show
View Real Time Build Order
Export as new Build Order

XOURCE Zerg - Winner!

Build Orders: Hatch First 

Get SALT Encoding   

  12  0:01  Drone  
  13  0:12  Overlord  
  13  0:17  Drone  
  14  0:31  Drone x2  
  14  0:34  Drone  
  17  0:52  Hatchery  
  17  0:55  Drone  
  17  0:58  Drone  
  18  1:08  Extractor  
  17  1:13  Spawning Pool  
  17  1:17  Drone  
  17  1:20  Drone  
  18  1:28  Drone  
  19  1:42  Overlord  
  19  1:50  Drone  
  20  1:59  Queen  
  20  2:00  Zergling x2  
  23  2:03  Queen  
  23  2:04  Zergling x2  
  23  2:08  Metabolic Boost  
  26  2:17  Drone x2  
  28  2:23  Drone  
  28  2:25  Drone  
  30  2:42  Hatchery  
  29  2:48  Baneling Nest, Drone  
  29  2:56  Drone x2  
  31  3:04  Drone x2  
  33  3:05  Overlord  
  34  3:12  Drone  
  34  3:13  Drone  
  35  3:21  Overlord  
  35  3:27  Zergling x10  
  37  3:49  Baneling x2  
  37  3:50  Baneling x2  
  35  4:22  Zergling x26  
  46  4:31  Overlord  
  45  4:41  Hatchery  
  44  4:47  Queen  
  44  4:49  Zergling x4  
  46  4:53  Baneling  
  46  4:54  Baneling x2  
  41  5:20  Overlord  
  41  5:21  Drone  
  41  5:22  Drone x5  
  41  5:23  Queen  
  41  5:27  Roach Warren  
  48  5:40  Zergling x2  
  48  5:41  Zergling x8  
  53  5:43  Baneling x4  
  52  6:05  Baneling x2  
  52  6:11  Roach x9  
  64  6:20  Extractor  
  64  6:22  Extractor  
  61  6:38  Evolution Chamber  
  60  6:46  Drone x3  
  60  6:47  Drone x4  
  67  6:52  Extractor, Drone  
  67  6:53  Drone  
  68  6:59  Overlord x2  
  68  7:04  Zerg Missile Weapons Level 1  
  68  7:12  Overlord x2  
  63  7:35  Roach x11  
  75  7:38  Lair  
  75  7:50  Ravager x2  
  75  7:51  Hatchery  
  77  7:58  Drone  
  77  8:07  Roach  
  77  8:08  Roach x6  
  77  8:11  Ravager  
  92  8:36  Ravager x3  
  95  8:42  Drone  
  96  8:59  Roach x2  
  100  9:11  Overlord  
  100  9:13  Queen  
  100  9:16  Roach  
  106  9:17  Roach  
  106  9:18  Overlord x4  
Show
View Real Time Build Order
Export as new Build Order

Costsaver Zerg 

Build Orders: Hatch First 

Get SALT Encoding   

  12  0:01  Drone  
  13  0:13  Overlord  
  13  0:16  Drone  
  14  0:33  Drone x2  
  16  0:49  Hatchery  
  15  0:53  Drone  
  16  0:57  Drone  
  16  1:00  Drone  
  18  1:11  Extractor  
  18  1:17  Spawning Pool  
  16  1:20  Drone  
  16  1:22  Drone  
  18  1:29  Drone  
  19  1:39  Overlord  
  19  1:51  Drone  
  20  2:04  Queen  
  20  2:05  Queen  
  20  2:06  Zergling x4  
  26  2:11  Metabolic Boost  
  26  2:17  Drone x2  
  28  2:25  Drone x2  
  30  2:46  Hatchery  
  29  2:52  Zergling x6  
  32  2:59  Overlord  
  32  3:03  Baneling Nest  
  31  3:11  Zergling x2  
  31  3:12  Zergling x6  
  35  3:25  Drone x3  
  36  3:59  Drone x2  
  36  4:00  Drone x5  
  37  4:28  Zergling x18  
  42  4:39  Extractor, Queen  
  42  4:41  Hatchery  
  42  4:42  Roach Warren  
  42  4:45  Evolution Chamber  
  40  5:01  Zergling x2  
  40  5:02  Zergling x6  
  44  5:09  Drone  
  44  5:11  Zerg Missile Weapons Level 1  
  37  5:38  Roach x3  
  40  5:47  Roach  
  40  5:48  Roach x4  
  44  6:08  Roach  
  43  6:17  Roach  
  43  6:20  Lair  
  43  6:21  Drone  
  44  6:37  Overlord x4  
  44  6:53  Overlord  
  44  6:54  Overlord  
  44  6:55  Queen  
  44  6:57  Roach x2  
  44  7:00  Ravager x2  
  52  7:02  Ravager  
  53  7:13  Roach  
  50  7:30  Queen  
  50  7:31  Roach x2  
  50  7:38  Roach  
  50  7:40  Queen  
  54  7:44  Drone  
  54  7:45  Drone x8  
  54  7:48  Extractor  
  62  7:55  Extractor  
  61  7:59  Drone  
  61  8:00  Drone x2  
  61  8:04  Overseer  
  64  8:22  Glial Reconstitution  
  64  8:34  Roach x3  
  64  8:35  Roach  
  72  8:46  Ravager  
  73  8:49  Roach  
  75  8:55  Extractor  
  75  9:02  Ravager  
  75  9:07  Overlord x3  
  75  9:31  Roach x9  
Tags
 
Add a new tag
Caveats
  • Supply blocks, unpowered buildings, or Contaminate may cause inaccurate times.
  • Supply counts are checked every 10 seconds.